 Dungeon Crawl Stone Soup version 0.29-a0-1016-g236c7fd91e (webtiles) character file.

Game seed: 5874161424218369794

114 leavemydog the Conjurer (level 4, -2/24 HPs)
             Began as a Deep Elf Conjurer on Aug 9, 2022.
             Slain by Terence
             ... wielding a +0 trident
              (8 damage)
             ... on level 2 of the Dungeon.
             The game lasted 00:03:32 (2461 turns).

leavemydog the Conjurer (Deep Elf Conjurer)         Turns: 2461, Time: 00:03:33

Health: -2/24      AC:  4    Str:  4    XL:     4   Next: 67%
Magic:  4/11       EV: 12    Int: 25    God:
Gold:   77         SH:  0    Dex: 13    Spells: 3/10 levels left

rFire   . . .      SeeInvis .   q - +1 dagger (venom)
rCold   . . .      Faith    .   (no shield)
rNeg    . . .      Spirit   .   a - +0 robe
rPois   .          Reflect  .   o - +0 helmet
rElec   .          Harm     .   (no cloak)
rCorr   .          Rampage  .   i - +0 pair of gloves
Will    .....                   (no boots)
Stlth   ++........              (no amulet)
HPRegen 0.08/turn               (no ring)
MPRegen 0.12/turn               (no ring)

@: no status effects
A: no striking features
a: no special abilities


You were on level 2 of the Dungeon.
You visited 1 branch of the dungeon, and saw 2 of its levels.

You collected 77 gold pieces.

Inventory:

Hand Weapons
 q - a +1 dagger of venom (weapon)
Missiles
 h - 3 poisoned darts
Armour
 a - a +0 robe (worn)
 i - a +0 pair of gloves (worn)
 o - a +0 helmet (worn)
Jewellery
 p - an amulet of regeneration
Wands
 l - a wand of polymorph (2)
 n - a wand of flame (7)
Scrolls
 c - 2 scrolls of amnesia
 d - a scroll of poison
 f - a scroll of noise {unknown}
 g - a scroll of enchant weapon {unknown}
 k - a scroll of enchant armour {unknown}
 r - a scroll of blinking {unknown}
Potions
 b - 2 potions of magic
 j - a potion of heal wounds
 m - a potion of mutation {unknown}


   Skills:
 - Level 2.4 Dodging
 - Level 2.4 Stealth
 + Level 3.8 Spellcasting
 + Level 6.3 Conjurations


You had 3 spell levels left.
You knew the following spells:

 Your Spells              Type           Power      Damage    Failure   Level
a - Magic Dart            Conj           100%       1d8       1%          1
b - Searing Ray           Conj           72%        2d7       1%          2
c - Iskenderun's Mystic   Conj/Tloc      20%        2d6       26%         4

Your spell library contained the following spells:

 Spells                   Type           Power      Damage    Failure   Level
 Dazzling Flash           Conj/Hex       40%        N/A       8%          3
 Slow                     Hex            16%        N/A       10%         1
 Confusing Touch          Hex            4%         N/A       28%         3
 Portal Projectile        Hex/Tloc       8%         N/A       28%         3
 Tukima's Dance           Hex            4%         N/A       28%         3
 Vampiric Draining        Necr           4%         2d6       28%         3
 Fulminant Prism          Conj/Hex       10%        3d9       26%         4
 Blade Hands              Tmut           2%         N/A       95%         5


Dungeon Overview and Level Annotations

Branches:
Dungeon (2/15)

Altars:

Annotations:
D:2 Terence


Message History

It is a scroll of identify.
j - a potion of heal wounds
As you read the scroll of identify, it crumbles to dust.
d - a scroll of poison You climb downwards.
Level annotation: Terence
There is a stone staircase leading up here.
This spell is astonishingly dangerous to cast!
Memorise Iskenderun's Mystic Blast, consuming 4 spell levels and leaving 3?
You start memorising the spell.
You continue memorising. x4
You finish memorising.
Spell assigned to 'c'.
Casting: Magic Dart (safe; 1% risk of failure)
Confirm with . or Enter, or press ? or * to list all spells.
Aiming: Searing Ray (safe; 1% risk of failure)
Press: ? - help, Shift-Dir - straight line, f - Terence
Aim: Terence, wielding a +0 trident, wearing a +0 chain mail of positive energy and carrying a wand of flame (10) (86% to hit)
The searing ray hits Terence!
Terence is heavily wounded. (Press . to maintain the ray.) Terence hits you from afar with a +0 trident!
The searing ray misses Terence.
Terence hits you from afar with a +0 trident.
The searing ray hits Terence.
Terence is heavily wounded.
Terence hits you from afar with a +0 trident!
* * * LOW HITPOINT WARNING * * *
The searing ray hits Terence!
Terence is almost dead.
You finish channelling your searing ray.
Terence closely misses you.
Casting: Searing Ray (safe; 1% risk of failure)
Confirm with . or Enter, or press ? or * to list all spells.
Aiming: Searing Ray (safe; 1% risk of failure)
Press: ? - help, Shift-Dir - straight line, f/p - Terence
Aim: Terence, wielding a +0 trident, wearing a +0 chain mail of positive energy and carrying a wand of flame (10) (almost dead, 86% to hit)
The searing ray misses Terence. (Press . to maintain the ray.) Terence says, "How do you enjoy it?"
Terence hits you from afar with a +0 trident!
You die...

#.###......##.#.#.####.#....
#.# ...>..................
#.# ......#...#.####.#.###
#.# ......#.#.#......#....
#@# ..........############
#.# ###+###.........# #.#
#.@............ #.#
#.#.#.........# #.#
#.#@#.........# #.#
#.#.#.........#
##.#######.#.#.........#
#..@.......#.#.........#
############.#.........
#.#.####### # #.# #. #+# #.
#.


You could see Terence.

Vanquished Creatures
  Jessica (D:2)
  Robin (D:2)
  2 adders (D:2)
  A dart slug (D:1)
  8 endoplasms
  5 hobgoblins
  2 jackals (D:2)
  4 quokkas
  5 ball pythons (D:1)
  2 bats
  5 frilled lizards
  13 goblins
  2 kobolds (D:1)
  4 rats (D:1)
55 creatures vanquished.

Notes
Turn   | Place    | Note
-------+----------+-------------------------------------------
     0 | D:1      | leavemydog the Deep Elf Conjurer began the quest for the
                  | Orb.
     0 | D:1      | Reached XP level 1. HP: 10/10 MP: 6/6
   330 | D:1      | Reached XP level 2. HP: 15/15 MP: 6/8
   333 | D:1      | Learned a level 2 spell: Searing Ray
   409 | D:1      | Reached skill level 5 in Conjurations
  1082 | D:2      | Reached XP level 3. HP: 19/19 MP: 7/9
  1435 | D:2      | Noticed Jessica
  1453 | D:2      | Killed Jessica
  1454 | D:2      | Reached XP level 4. HP: 8/24 MP: 9/11
  1841 | D:2      | Noticed Robin
  1843 | D:2      | Reached skill level 6 in Conjurations
  1859 | D:2      | Killed Robin
  2074 | D:2      | Found a faded altar of an unknown god.
  2273 | D:2      | Noticed Terence
  2457 | D:2      | Learned a level 4 spell: Iskenderun's Mystic Blast
  2461 | D:2      | Slain by Terence

Illustrated notes

Levels and vault maps discovered:
D:1:      dpeg_arrival_simpleton_c, layout_basic, reono_crystal_passage
D:2:      layout_basic, ebering_ecumenical_altar_sacrificial,
          minmay_tetromino_i4, uniq_terence, uniq_robin, uniq_jessica

Skill      XL: |  1  2  3  4 |
---------------+-------------+-----
Conjurations   | 5 6 |  6.3
Dodging        | |  2.4
Stealth        | |  2.4
Spellcasting   | |  3.8

Action                   |  1- 3 |  4- 6 || total
-------------------------+-------+-------++-------
Melee: Unarmed           |     3 |       ||     3
 Cast: Magic Dart        |    63 |    23 ||    86
       Searing Ray       |       |     5 ||     5
  Use: Scroll            |       |     3 ||     3
       Potion            |       |     1 ||     1
Armor: Robe              |       |     3 ||     3
Dodge: Dodged            |     3 |    13 ||    16

Table legend: (Time is in decaauts)
 A = Elapsed time spent in this place.
 B = Non-inter-level travel time spent in this place.
 C = Inter-level travel time spent in this place.
 D = Time resting spent in this place.
 E = Time spent auto-exploring this place.
 F = Levels seen in this place.
 G = Mean time per level.
                   A        B        C        D        E       F      G
               +--------+--------+--------+--------+--------+-----+--------+
         Total |   2466 |   2446 |     20 |    574 |   1595 |   2 | 1233.0 |
       Dungeon |   2466 |   2446 |     20 |    574 |   1595 |   2 | 1233.0 |
               +--------+--------+--------+--------+--------+-----+--------+

Top non-repeatable levels by time:
     D:2: 1323 daAuts
     D:1: 1142 daAuts
